 Dungeon Crawl Stone Soup version 0.28-a0-1235-g7c8fac35f0 (webtiles) character file.

Game seed: 6382356643335982048

48542 Zdeegee the Geomancer (level 14, -8/84 HPs)
             Began as a Gargoyle Earth Elementalist on Dec 24, 2021.
             Was a High Priest of Vehumet.
             Killed from afar by a lindwurm (38 damage)
             ... with a blast of flame
             ... on level 6 of the Lair of Beasts on Dec 25, 2021.
             The game lasted 00:45:50 (21388 turns).

Zdeegee the Geomancer (GrEE)                       Turns: 21388, Time: 00:45:50

Health: -8/84      AC: 19    Str: 12    XL:     14   Next: 46%
Magic:  24/30      EV: 17    Int: 21    God:    Vehumet [*****.]
Gold:   849        SH:  0    Dex: 10    Spells: 14/38 levels left

rFire   . . .      SeeInvis .   v - +9 short sword (elec)
rCold   . . .      Faith    .   (no shield)
rNeg    + . .      Spirit   .   b - +0 robe
rPois   ∞          Reflect  .   u - +0 helmet
rElec   +          Harm     .   (no cloak)
rCorr   +          Rampage  .   w - +2 pair of gloves
Will    ++...                   C - +0 pair of boots "Zodgh" {+Blink rElec Will+}
Stlth   ++........              D - amulet of regeneration
HPRegen 1.04/turn               l - ring of resist corrosion
MPRegen 0.22/turn               H - +4 ring of evasion

@: freezing walls, flying
A: sickness immunity, AC +10, big wings, negative energy resistance 1,
electricity resistance, torment resistance 1, petrification resistance
a: Renounce Religion, Evoke Blink


You were on level 6 of the Lair of Beasts.
You worshipped Vehumet.
Vehumet was extremely pleased with you.
You visited 3 branches of the dungeon, and saw 19 of its levels.

You collected 1113 gold pieces.
You spent 264 gold pieces at shops.

Inventory:

Hand Weapons
 v - a +9 short sword of electrocution (weapon)
 J - the +7 flail "Oppanwyg" {elec, rElec rF+ Str+2 Dex+4}
   (You found it on level 9 of the Dungeon)

   It occasionally discharges a powerful burst of electricity upon striking a
   foe.
   Str:       It affects your strength (+2).
   Dex:       It affects your dexterity (+4).
   rF:        It protects you from fire.
   rElec:     It insulates you from electricity.
Missiles
 c - 65 stones
 h - 150 sling bullets
 j - 96 poisoned darts
Armour
 b - a +0 robe (worn)
 u - a +0 helmet (worn)
 w - a +2 pair of gloves (worn)
 C - the +0 pair of boots "Zodgh" (worn) {+Blink rElec Will+}
   (You found it on level 6 of the Dungeon)

   rElec:     It insulates you from electricity.
   +Blink:    It lets you blink.
   Will:      It increases your willpower.
 E - +0 steam dragon scales
Magical Staves
 k - a staff of cold
 K - a staff of conjuration
Jewellery
 l - a ring of resist corrosion (left hand)
 p - a ring of positive energy
 t - an amulet of the acrobat
 D - an amulet of regeneration (around neck)
 H - a +4 ring of evasion (right hand)
Wands
 r - a wand of mindburst (11)
 B - a wand of flame (39)
 M - a wand of polymorph (13)
 Q - a wand of iceblast (7)
Scrolls
 a - 2 scrolls of amnesia
 g - 9 scrolls of teleportation
 q - 3 scrolls of magic mapping
 s - 2 scrolls of enchant armour
 x - a scroll of brand weapon {unknown}
 y - 2 scrolls of fear
 z - 3 scrolls of blinking
 F - 2 scrolls of holy word
 G - 2 scrolls of enchant weapon
 I - a scroll of fog
 N - 2 scrolls of silence
 O - a scroll of summoning {unknown}
Potions
 d - 3 potions of resistance
 e - 2 potions of heal wounds
 f - 2 potions of curing
 m - 3 potions of mutation
 n - 4 potions of flight
 o - 3 potions of brilliance
 A - 3 potions of attraction
 L - a potion of invisibility
 P - a potion of haste {unknown}
Miscellaneous
 i - a lightning rod (4/4)


   Skills:
 * Level 8.2 Fighting
 + Level 2.6 Short Blades
 * Level 8.3 Armour
 * Level 6.3 Dodging
 + Level 3.9 Stealth
 * Level 12.7 Spellcasting
 + Level 2.6 Conjurations
 + Level 0.3 Summonings
 + Level 0.9 Transmutations
 * Level 7.9 Ice Magic
 * Level 14.6 Earth Magic
 * Level 6.2 Evocations


You had 14 spell levels left.
You knew the following spells:

 Your Spells              Type           Power      Damage    Failure   Level
a - Sandblast             Erth           100%       2d20      0%          1
b - Stone Arrow           Conj/Erth      98%        3d13      1%          3
c - Frozen Ramparts       Ice            92%        1d11      1%          3
d - Petrify               Tmut/Erth      46%        N/A       1%          4
e - Searing Ray           Conj           48%        2d6       1%          2
f - Blink                 Tloc           26%        N/A       8%          2
g - Summon Ice Beast      Ice/Summ       30%        N/A       9%          4
h - Freezing Cloud        Conj/Ice/Air   14%        6-21      9%          5

Your spell library contained the following spells:

 Spells                   Type           Power      Damage    Failure   Level
 Passwall                 Tmut/Erth      38%        N/A       1%          2
 Apportation              Tloc           26%        N/A       4%          1
 Ice Form                 Ice/Tmut       32%        N/A       8%          4
 Airstrike                Air            6%         N/A       13%         4
 Lesser Beckoning         Tloc           13%        N/A       14%         3
 Swiftness                Air            13%        N/A       14%         3
 Animate Dead             Necr           6%         N/A       43%         4
 Alistair's Intoxication  Tmut/Pois      10%        N/A       75%         5
 Manifold Assault         Tloc           13%        N/A       80%         5
 Haunt                    Necr/Summ      7%         N/A       100%        7
 Infestation              Necr           6%         N/A       100%        8


Dungeon Overview and Level Annotations

Branches:
Dungeon (12/15)            Temple (1/1) D:6            Lair (6/6) D:10
  Swamp (0/4) Lair:2        Snake (0/4) Lair:3        Slime (0/5) Lair:5
    Orc (0/2) D:9

Altars:
Ashenzari
Cheibriados
Dithmenos
Elyvilon
Fedhas
Gozag
Hepliaklqana
Kikubaaqudgha
Makhleb
Nemelex Xobeh
Okawaru
Qazlal
Ru
Sif Muna
Trog
Uskayaw
Vehumet
Wu Jian
Xom
Yredelemnul
Zin
The Shining One

Shops:
D:7 (   D:11 [?=(

Annotations:
Lair:6 1 runed translucent door


Innate Abilities, Weirdness & Mutations

You are immune to sickness and miasma.
Your stone body is resilient. (AC +10)
You are immune to poison.
Your large and strong wings let you fly.
You resist negative energy. (rN+)
You are resistant to electric shocks. (rElec)
You are resistant to unholy torment.
You are immune to petrification.


Message History

Aiming: Stone Arrow (safe; 1% risk of failure)
Press: ? - help, Shift-Dir - straight line, f/p - tyrant leech
Aim: a tyrant leech (severely wounded, 60% to hit)
The stone arrow hits the tyrant leech!
The tyrant leech is almost dead.
The wall freezes the hornet.
The hornet misses you.
The wall freezes the lindwurm.
The wall freezes the tyrant leech.
The tyrant leech bites you but does no damage.
The wall freezes the torpor snail.
The wall freezes the hornet.
The hornet misses you.
The wall freezes the lindwurm.
Casting: Stone Arrow (safe; 1% risk of failure)
Confirm with . or Enter, or press ? or * to list all spells.
Aiming: Stone Arrow (safe; 1% risk of failure)
Press: ? - help, Shift-Dir - straight line, f/p - tyrant leech
Aim: a tyrant leech (almost dead, 60% to hit)
The stone arrow hits the tyrant leech!
You kill the tyrant leech!
Vehumet accepts your kill.
You feel your power returning.
The wall freezes the hornet!
You kill the hornet!
Vehumet accepts your kill.
You feel your power returning.
The wall freezes the torpor snail.
You kill the torpor snail!
Vehumet accepts your kill.
You feel your power returning.
The wall freezes the lindwurm.
Unknown command.
Casting: Stone Arrow (safe; 1% risk of failure)
Confirm with . or Enter, or press ? or * to list all spells.
Aiming: Sandblast (safe; 0% risk of failure)
Press: ? - help, Shift-Dir - straight line, f - lindwurm
Aim: a lindwurm (severely wounded, 92% to hit)
The blast of sand hits the lindwurm but does no damage.
The lindwurm is severely wounded.
You feel yourself speed up.
The wall freezes the lindwurm.
The lindwurm misses you.
The lindwurm claws you but does no damage.
The lindwurm barely misses you.
The wall freezes the lindwurm.
The lindwurm breathes flames at you. The blast of flame hits you!!!
You die...

## ###### .###
#####....###
...######.......@k.##
#.....##....P####..$#
##.....#..#### ##..#
###.†...### ..#
###.†...### ...#
##.†....# ..##
#.#.......# ###
####........ ##
...#.##..


You could see a lindwurm (catching breath).

Vanquished Creatures
  6 hydras
  A catoblepas (Lair:6)
  2 two-headed ogres
  An oklob plant (Lair:4)
  An ugly thing (D:11)
  4 elephants (Lair:2)
  6 black mambas
  4 torpor snails (Lair:6)
  13 cane toads
  A gargoyle (D:9)
  7 rime drakes
  2 unseen horrors
  A kobold demonologist (D:9)
  7 komodo dragons
  A troll (D:9)
  14 polar bears
  20 blink frogs
  3 tyrant leeches
  6 hornets
  A dream sheep (Lair:6)
  A wraith (D:10)
  A wyvern (D:9)
  8 basilisks
  42 yaks
  3 steam dragons
  4 wargs (Lair:6)
  Menkaure (D:5)
  8 nagas (Lair:3)
  A swamp worm (Lair:2)
  15 water moccasins
  17 hell hounds (Lair:6)
  3 orc warriors
  2 sky beasts
  16 black bears
  A hornet zombie (D:9)
  24 wolves
  4 centaurs
  3 ogres
  A phantom (D:5)
  4 kobold brigands
  13 bullfrogs
  3 scorpions
  A water moccasin skeleton (D:4)
  9 killer bees
  3 wights (D:8)
  2 centaur zombies (D:10)
  2 jellies (D:6)
  4 orc priests
  5 hounds
  4 bullfrog skeletons
  A centaur skeleton (D:4)
  4 iguanas
  13 orc wizards
  7 hell rats (Lair:2)
  2 killer bee zombies
  A hound zombie (D:5)
  A hound skeleton (D:4)
  Robin (D:2)
  3 howler monkey zombies
  5 adders
  A shadow imp (D:7)
  A white imp (D:6)
  An ufetubus (D:4)
  A worm (D:2)
  A dart slug (D:3)
  18 orcs
  2 endoplasms
  4 giant cockroaches
  9 goblins
  8 hobgoblins
  3 jackals (D:2)
  4 quokkas
  5 ball pythons
  9 bats
  4 frilled lizards
  24 kobolds
  3 rats
442 creatures vanquished.

Vanquished Creatures (others)
  25 fungi
  33 plants
58 creatures vanquished.

Grand Total: 500 creatures vanquished

Notes
Turn   | Place    | Note
-------+----------+-------------------------------------------
     0 | D:1      | Zdeegee the Gargoyle Earth Elementalist began the quest for
                  | the Orb.
     0 | D:1      | Reached XP level 1. HP: 10/10 MP: 3/3
   287 | D:1      | Reached XP level 2. HP: 15/15 MP: 5/5
   350 | D:1      | Reached skill level 4 in Earth Magic
  1015 | D:1      | Reached XP level 3. HP: 19/19 MP: 4/6
  1021 | D:1      | Learned a level 3 spell: Stone Arrow
  1791 | D:2      | Noticed Robin
  1807 | D:2      | Killed Robin
  1808 | D:2      | Reached XP level 4. HP: 15/24 MP: 1/7
  2105 | D:2      | Got the Compendium of Mutagenic Air
  2486 | D:3      | Reached skill level 1 in Short Blades
  3376 | D:4      | Reached skill level 1 in Armour
  3583 | D:4      | Noticed an ogre
  3614 | D:4      | Killed an ogre
  3615 | D:4      | Reached skill level 1 in Fighting
  3615 | D:4      | Reached XP level 5. HP: 29/29 MP: 2/10
  3654 | D:4      | Reached skill level 1 in Ice Magic
  3654 | D:4      | Reached XP level 6. HP: 17/34 MP: 1/11
  3735 | D:4      | Learned a level 3 spell: Frozen Ramparts
  4108 | D:4      | Reached skill level 5 in Earth Magic
  4373 | D:4      | Found a hazy altar of Hepliaklqana.
  4758 | D:5      | Entered Level 5 of the Dungeon
  4758 | D:5      | Noticed a black bear
  4762 | D:5      | Reached XP level 7. HP: 39/39 MP: 8/13
  5228 | D:5      | Reached skill level 6 in Earth Magic
  5482 | D:5      | Reached XP level 8. HP: 45/45 MP: 1/14
  5742 | D:5      | Reached skill level 5 in Spellcasting
  5791 | D:5      | Noticed Menkaure
  5799 | D:5      | Killed Menkaure
  6005 | D:5      | Reached skill level 1 in Conjurations
  6005 | D:5      | Reached skill level 7 in Earth Magic
  6411 | D:6      | Found a staircase to the Ecumenical Temple.
  6722 | D:6      | Identified the +0 pair of boots "Zodgh" {+Blink rElec
                  | Will+}
  6745 | Temple   | Entered the Ecumenical Temple
  7141 | Temple   | Became a worshipper of Vehumet
  7402 | D:6      | Learned a level 4 spell: Petrify
  7457 | D:6      | Reached XP level 9. HP: 51/51 MP: 14/18
  8003 | D:7      | Found Ruupinam's Weapon Boutique.
  8164 | D:7      | Reached skill level 8 in Earth Magic
  8513 | D:7      | Reached skill level 1 in Evocations
  9433 | D:8      | Reached * piety under Vehumet
  9433 | D:8      | Offered knowledge of Foxfire by Vehumet.
  9752 | D:8      | Reached XP level 10. HP: 56/56 MP: 8/21
 10536 | D:9      | Noticed a gargoyle
 10541 | D:9      | Killed a gargoyle
 10541 | D:9      | Offered knowledge of Searing Ray by Vehumet.
 10542 | D:9      | Reached skill level 9 in Earth Magic
 10547 | D:9      | Learned a level 2 spell: Searing Ray
 10712 | D:9      | Found a staircase to the Orcish Mines.
 10787 | D:9      | Reached ** piety under Vehumet
 10887 | D:9      | Identified the +7 flail "Oppanwyg" {elec, rElec rF+ Str+2
                  | Dex+4}
 11008 | D:9      | Noticed a kobold demonologist
 11012 | D:9      | Noticed a sixfirhy
 11017 | D:9      | Killed a kobold demonologist
 11192 | D:9      | Reached skill level 5 in Ice Magic
 11540 | D:10     | Entered Level 10 of the Dungeon
 11671 | D:10     | Noticed a two-headed ogre
 11690 | D:10     | Killed a two-headed ogre
 11932 | D:9      | Reached skill level 10 in Earth Magic
 12020 | D:9      | Killed an unseen horror
 12021 | D:9      | Reached skill level 5 in Fighting
 12021 | D:9      | Reached XP level 11. HP: 51/63 MP: 23/23
 12145 | D:10     | Offered knowledge of Inner Flame by Vehumet.
 12484 | D:10     | Found a staircase to the Lair.
 12583 | D:11     | Reached skill level 5 in Armour
 12651 | D:11     | Noticed a two-headed ogre
 12671 | D:11     | Killed a two-headed ogre
 12896 | D:11     | Noticed a cyan ugly thing
 12901 | D:11     | Killed a cyan ugly thing
 13145 | D:11     | Found Xutiw's Magic Scroll Shop.
 13145 | D:11     | Found Hybon's Antique Weapon Shop.
 13147 | D:11     | Found Maag's Armour Shop.
 13147 | D:11     | Found Ixtaicw's Jewellery Shop.
 13255 | D:11     | Bought a scroll of blinking for 120 gold pieces
 13255 | D:11     | Bought a scroll of teleportation for 48 gold pieces
 13255 | D:11     | Bought a scroll of teleportation for 48 gold pieces
 13255 | D:11     | Bought a scroll of teleportation for 48 gold pieces
 13387 | D:12     | Noticed a deep elf pyromancer
 13464 | Lair:1   | Entered Level 1 of the Lair of Beasts
 13472 | Lair:1   | Reached skill level 11 in Earth Magic
 13496 | Lair:1   | Reached *** piety under Vehumet
 13642 | Lair:1   | Noticed a five-headed hydra
 13670 | Lair:1   | Killed a five-headed hydra
 13902 | Lair:1   | Reached XP level 12. HP: 70/70 MP: 21/25
 13907 | Lair:1   | Reached skill level 10 in Spellcasting
 13909 | Lair:1   | Offered knowledge of Flame Wave by Vehumet.
 13988 | Lair:1   | Learned a level 2 spell: Blink
 14026 | Lair:1   | Noticed an eight-headed hydra
 14031 | Lair:1   | Killed an eight-headed hydra
 14032 | Lair:1   | Reached skill level 5 in Dodging
 14103 | Lair:1   | Noticed a six-headed hydra
 14105 | Lair:1   | Reached skill level 12 in Earth Magic
 14108 | Lair:1   | Killed a six-headed hydra
 14639 | Lair:2   | Learned a level 4 spell: Summon Ice Beast
 15258 | Lair:2   | Reached **** piety under Vehumet
 15388 | Lair:2   | Offered knowledge of Lightning Bolt by Vehumet.
 15594 | Lair:2   | Noticed a seven-headed hydra
 15601 | Lair:2   | Killed a seven-headed hydra
 15612 | Lair:2   | Noticed an eight-headed hydra
 15617 | Lair:2   | Killed an eight-headed hydra
 15769 | Lair:2   | Found a staircase to the Swamp.
 15885 | Lair:2   | Reached XP level 13. HP: 64/76 MP: 25/28
 16203 | Lair:3   | Reached skill level 5 in Evocations
 16510 | Lair:3   | Found a staircase to the Snake Pit.
 17353 | Lair:4   | Reached skill level 13 in Earth Magic
 18618 | Lair:5   | Reached ***** piety under Vehumet
 18619 | Lair:5   | Offered knowledge of Freezing Cloud by Vehumet.
 18626 | Lair:5   | Learned a level 5 spell: Freezing Cloud
 19518 | Lair:5   | Found a staircase to the Slime Pits.
 19564 | Lair:6   | Entered Level 6 of the Lair of Beasts
 20090 | Lair:6   | Gained mutation: Your large and strong wings let you fly.
                  | [Gargoyle growth]
 20090 | Lair:6   | Reached XP level 14. HP: 83/83 MP: 20/30
 20093 | Lair:6   | Reached skill level 14 in Earth Magic
 21205 | Lair:6   | Found a runed translucent door.
 21388 | Lair:6   | Killed from afar by a lindwurm

Illustrated notes

Levels and vault maps discovered:
D:1:      dpeg_arrival_morbid_curiosity, layout_loops_ring
D:2:      layout_basic, uniq_robin
D:3:      layout_basic, kennysheep_pointless_box
D:4:      layout_basic, mainiacjoe_overflow_surrounded_room
D:5:      layout_cave_pods, nrook_mini_vaults, uniq_menkaure
D:6:      layout_loops_ring, minmay_temple_entry_mini_moons, minivault_23
D:7:      layout_basic, serial_rivers, chequers_serial_rivers_small_b,
          chequers_serial_rivers_small_3, chequers_serial_rivers_small_b,
          chequers_serial_rivers_micro_a, serial_shops,
          nicolae_shop_bloodbath_and_beyond
D:8:      layout_basic
D:9:      layout_stronghold, orc_0_dummy
D:10:     layout_rooms, grunt_lair_entry_orc_guard_hut
D:11:     layout_roguey, minmay_shop_grid_forest
D:12:     kennysheep_scales, layout_basic, minmay_misc_feat_square,
          minmay_misc_feat_diagonals, minmay_misc_feat_room, uniq_josephine,
          uniq_sonja
Temple:   mainiacjoe_temple_trianglar_array
Lair:1:   layout_loops_ring
Lair:2:   layout_cave_pods, palyth_hydra_swamp_entry
Lair:3:   layout_big_grid, minmay_snake_entry_guardpost_large
Lair:4:   layout_long_grid
Lair:5:   layout_regular_city, dpeg_slime_entry_corner
Lair:6:   hangedman_lair_caniforms_friends, layout_long_grid, wormcave

Skill      XL: |  1  2  3  4  5  6  7  8  9 10 11 12 13 14 |
---------------+-------------------------------------------+-----
Earth Magic    | 4 5 6 7 8 10 11 12 13 14 | 14.6
Short Blades   | 1 2 |  2.6
Armour         | 1 2 3 4 5 6 8 |  8.3
Spellcasting   | 3 4 6 7 8 9 11 12 | 12.7
Fighting       | 1 2 3 4 5 6 7 8 |  8.2
Dodging        | 2 3 4 5 6 |  6.3
Ice Magic      | 1 2 3 4 5 6 7 |  7.9
Stealth        | 3 |  3.9
Conjurations   | 1 2 |  2.6
Evocations     | 1 3 4 5 6 |  6.2
Summonings     | |  0.3
Transmutations | |  0.9

Action                   |  1- 3 |  4- 6 |  7- 9 | 10-12 | 13-15 || total
-------------------------+-------+-------+-------+-------+-------++-------
Melee: Short sword       |    52 |       |    17 |    94 |    85 ||   248
       Unarmed           |     6 |       |       |       |       ||     6
       Mace              |     3 |       |       |       |       ||     3
       Dagger            |    11 |    82 |    38 |       |       ||   131
 Cast: Sandblast         |    24 |    29 |    94 |   208 |   268 ||   623
       Stone Arrow       |       |     9 |    43 |    59 |    89 ||   200
       Frozen Ramparts   |       |       |    11 |    23 |    26 ||    60
       Petrify           |       |       |       |     2 |    10 ||    12
       Summon Ice Beast  |       |       |       |     7 |       ||     7
       Freezing Cloud    |       |       |       |       |     8 ||     8
       Blink             |       |       |       |       |     1 ||     1
       Searing Ray       |       |       |       |       |     1 ||     1
 Abil: Evoke Blink       |       |       |       |       |     2 ||     2
Evoke: Wand              |       |       |       |     4 |       ||     4
       Lightning rod     |       |       |       |     2 |       ||     2
  Use: Scroll            |       |     5 |     3 |    15 |     5 ||    28
       Potion            |       |     2 |       |       |     2 ||     4
 Stab: Sleeping          |     6 |       |       |       |       ||     6
       Petrified         |       |       |       |       |    12 ||    12
Armor: Robe              |    32 |    30 |    63 |   176 |   115 ||   416
Dodge: Dodged            |    38 |    31 |    84 |   283 |   272 ||   708

Table legend: (Time is in decaauts)
 A = Elapsed time spent in this place.
 B = Non-inter-level travel time spent in this place.
 C = Inter-level travel time spent in this place.
 D = Time resting spent in this place.
 E = Time spent auto-exploring this place.
 F = Levels seen in this place.
 G = Mean time per level.
                   A        B        C        D        E       F      G
               +--------+--------+--------+--------+--------+-----+--------+
         Total |  21435 |  20786 |    649 |   2011 |  15511 |  19 | 1128.2 |
       Dungeon |  13049 |  12656 |    393 |   1281 |   9600 |  12 | 1087.4 |
        Temple |    433 |    364 |     69 |      0 |    363 |   1 |  433.0 |
          Lair |   7952 |   7766 |    186 |    730 |   5548 |   6 | 1325.3 |
               +--------+--------+--------+--------+--------+-----+--------+

Top non-repeatable levels by time:
  Lair:6: 1745 daAuts
     D:4: 1649 daAuts
  Lair:2: 1550 daAuts
     D:5: 1425 daAuts
     D:7: 1365 daAuts
  Lair:4: 1308 daAuts
     D:9: 1301 daAuts
     D:1: 1293 daAuts
     D:6: 1281 daAuts
  Lair:5: 1267 daAuts
  Lair:1: 1168 daAuts
     D:8: 1128 daAuts
     D:2: 1032 daAuts
  Lair:3: 911 daAuts
     D:3: 878 daAuts
